 Dungeon Crawl Stone Soup version 0.29.0-4-gdea44cf6ec (webtiles) character file.

Game seed: 6452105257597672206

5183 qw the Cleaver (level 10, -10/64 HPs)
             Began as a Gargoyle Fighter on Sept 10, 2022.
             Was a Believer of Okawaru.
             Killed from afar by an acid dragon (22 damage)
             ... with a splash of acid
             ... on level 9 of the Dungeon.
             The game lasted 00:04:04 (9599 turns).

qw the Cleaver (Gargoyle Fighter)                   Turns: 9599, Time: 00:04:04

Health: -10/64     AC: 22    Str: 23    XL:     10   Next: 60%
Magic:  12/13      EV: 10    Int: 10    God:    Okawaru [**....]
Gold:   190        SH:  7    Dex: 15    Spells: 9/9 levels left

rFire   . . .      SeeInvis .   r - +2 hand axe (vamp)
rCold   . . .      Faith    .   c - +0 buckler
rNeg    + . .      Spirit   .   u - +0 plate armour
rPois   inf        Reflect  .   k - +0 helmet
rElec   +          Harm     .   (no cloak)
rCorr   .          Rampage  .   g - +1 pair of gloves
Will    .....                   (no boots)
Stlth   ..........              (no amulet)
HPRegen 0.20/turn               f - +6 ring of dexterity
MPRegen 0.13/turn               (no ring)

@: about to teleport, heroic, corroded
A: sickness immunity, AC +7, negative energy resistance 1, electricity
resistance, torment resistance 1, petrification resistance
a: Renounce Religion, Heroism


You were on level 9 of the Dungeon.
You worshipped Okawaru.
Okawaru was pleased with you.
You visited 2 branches of the dungeon, and saw 10 of its levels.

You collected 567 gold pieces.
You spent 377 gold pieces at shops.


Innate Abilities, Weirdness & Mutations

You are immune to sickness and miasma.
Your stone body is resilient. (AC +7)
You are immune to poison.
You resist negative energy. (rN+)
You are resistant to electric shocks. (rElec)
You are resistant to unholy torment.
You are immune to petrification.


   Skills:
 - Level 8.3(13.3) Fighting
 + Level 10.0(15.0) Axes
 - Level 1.0(6.0) Throwing
 - Level 7.1(12.1) Armour
 - Level 2.3(7.3) Dodging
 - Level 5.0(10.0) Shields
 - Level 4.0 Invocations


You had 9 spell levels left.
You didn't know any spells.
Your spell library was empty.

Inventory:

Hand Weapons
 o - a +1 war axe
 r - a +2 vampiric hand axe (weapon)
 s - the +9 flail of the Meager God {antimagic, *Corrode Str+4}
   (You bought it in a shop on level 5 of the Dungeon)

   It reduces the magical energy of the wielder, and disrupts the spells and
   magical abilities of those it strikes.
   Natural abilities and divine invocations are not affected.
   Str:       It affects your strength (+4).
   *Corrode:  It may corrode you when you take damage.
Armour
 c - a +0 buckler (worn)
 g - a +1 pair of gloves (worn)
 k - a +0 helmet (worn)
 u - a +0 plate armour (worn)
Jewellery
 f - a +6 ring of dexterity (left hand)
 l - a ring of fire
Scrolls
 a - a scroll of identify
Potions
 b - a potion of magic {unknown}
 d - 3 potions of might
 e - a potion of haste
 h - 2 potions of mutation
 j - a potion of curing
 p - 2 potions of resistance
 q - a potion of lignification
 t - a potion of attraction {unknown}

Dungeon Overview and Level Annotations

Branches:
Dungeon (9/15)             Temple (1/1) D:7
   Lair: D:8-11         Orc: D:9-12

Altars:
Ashenzari
Cheibriados
Dithmenos
Elyvilon
Kikubaaqudgha
Makhleb
Okawaru
Qazlal
Ru
Sif Muna
Trog
Uskayaw
Vehumet
Wu Jian
Xom
Yredelemnul
Zin

Shops:
D:5 (


Message History

The acid dragon bites you!
The acid dragon claws you but does no damage.
You slash the bullfrog!
You kill the bullfrog!
Okawaru accepts your kill.
You hit the acid dragon.
Your base Shields skill increases to level 5!
You hit the acid dragon but do no damage.
The acid dragon is moderately wounded.
The orc warrior hits you but does no damage.
You block the acid dragon's attack.
The acid dragon claws you but does no damage.
You hit the acid dragon but do no damage.
The acid dragon is moderately wounded.
You hit the wight but do no damage. You block the orc warrior's attack.
You block the wight's attack. The acid dragon spits acid at you.
The splash of acid hits you!! The acid corrodes you!
9596 ||| READING scroll of teleportation.
As you read the scroll of teleportation, it crumbles to dust.
You feel strangely unstable. The orc warrior closely misses you.
The wight hits you but does no damage.
The acid dragon bites you but does no damage.
The acid dragon claws you but does no damage.
You hit the acid dragon but do no damage.
The acid dragon is moderately wounded.
You barely miss the wight.
You hit the acid dragon but do no damage.
The acid dragon is moderately wounded.
You hit the wight but do no damage.
The orc warrior hits you from afar with a +0 glaive.
The wight hits you but does no damage. The acid dragon bites you.
You block the acid dragon's attack.
You barely miss the acid dragon.
The acid dragon is moderately wounded.
You hit the wight but do no damage. The orc warrior barely misses you.
The wight barely misses you. The acid dragon spits acid at you.
The splash of acid hits you!!
You die...

#.###.#.#.###
#.....#.#.).#
#######...#.#
........#...#
#####..###..# ####.##
##.### #.....#
#....## ##..#.##
##.#..## #..##@#
####..#
#.##?Dzo!...$##.#
#..####D..####..#
##..#.##.##.#..######
##....#.#............
##..## ##..#########
#...###..##
#....#%.## ##...%.##


You could see an orc warrior, 2 acid dragons and a wight.

Vanquished Creatures
  Joseph (D:8)
  A gargoyle (D:8)
  Sigmund (D:2)
  6 yaks (D:9)
  A steam dragon (D:8)
  2 water moccasins
  A black bear (D:5)
  An ice beast (D:6)
  4 orc warriors
  An ogre (D:7)
  3 centaurs
  2 kobold brigands
  5 bullfrogs
  A necrophage (D:4)
  2 gnoll sergeants (D:7)
  2 scorpions (D:4)
  7 wights
  4 killer bees (D:8)
  A howler monkey (D:4)
  3 jellies
  2 hounds
  4 orc priests
  3 gnoll boudas
  3 iguanas
  6 orc wizards
  A statue (D:6)
  8 adders
  17 gnolls
  3 white imps
  4 ufetubi
  A worm (D:4)
  A dart slug (D:3)
  21 orcs
  7 ball pythons
  3 endoplasms
  5 giant cockroaches
  8 goblins
  6 hobgoblins
  8 jackals
  12 kobolds
  6 quokkas
  7 bats
  5 frilled lizards
  6 rats
196 creatures vanquished.

Vanquished Creatures (others)
  A plant (D:2)
1 creature vanquished.

Grand Total: 197 creatures vanquished

Notes
Turn   | Place    | Note
-------+----------+-------------------------------------------
     0 | D:1      | qw the Gargoyle Fighter began the quest for the Orb.
     0 | D:1      | Reached XP level 1. HP: 14/14 MP: 1/1
     0 | D:1      | 0 ||| qw: Version: 0.1-a-116-g5d60599
     0 | D:1      | 0 ||| qw: Game counter: 7544
     0 | D:1      | 0 ||| qw: Always use a shield: true
     0 | D:1      | 0 ||| qw: God list: Okawaru
     0 | D:1      | 0 ||| qw: Allow faded altars: false
     0 | D:1      | 0 ||| qw: Do Orc after D:15 true
     0 | D:1      | 0 ||| qw: Do second Lair branch before Depths: true
     0 | D:1      | 0 ||| qw: Lair rune preference: random
     0 | D:1      | 0 ||| qw: Plans: Normal, Zot, God:TSO, Crypt, Tomb, Zig,
                  | Orb
     0 | D:1      | 0 ||| PLANNING D:1-11
    26 | D:1      | Reached skill level 2 in Axes
    59 | D:1      | Reached XP level 2. HP: 16/19 MP: 2/2
   131 | D:1      | 131 ||| Stepping ~*~*~tactically~*~*~ (stealth).
   132 | D:1      | 132 ||| Stepping ~*~*~tactically~*~*~ (stealth).
   171 | D:1      | 171 ||| Stepping ~*~*~tactically~*~*~ (stealth).
   174 | D:1      | 174 ||| Stepping ~*~*~tactically~*~*~ (stealth).
   175 | D:1      | 175 ||| Stepping ~*~*~tactically~*~*~ (stealth).
   208 | D:1      | Found a faded altar of an unknown god.
   565 | D:1      | Reached skill level 3 in Axes
   579 | D:1      | Reached XP level 3. HP: 23/23 MP: 3/3
   940 | D:1      | 940 ||| Stepping ~*~*~tactically~*~*~ (stealth).
   941 | D:1      | 941 ||| READING scroll labelled URENOH JOOGY.
   942 | D:1      | 942 ||| READING scroll labelled GUGRIE GYAX.
  1070 | D:2      | Noticed Sigmund
  1087 | D:2      | Killed Sigmund
  1088 | D:2      | Reached skill level 5 in Axes
  1088 | D:2      | Reached XP level 4. HP: 7/28 MP: 4/4
  1088 | D:2      | Reached XP level 5. HP: 8/32 MP: 5/5
  1752 | D:2      | 1752 ||| READING 2 scrolls labelled ANGACO SEYKUM.
  1753 | D:2      | 1753 ||| READING scroll labelled SIEF SIFEMO.
  1757 | D:2      | 1757 ||| READING scroll labelled TUS BISKOIW.
  1890 | D:3      | Reached XP level 6. HP: 38/38 MP: 6/6
  1892 | D:3      | 1892 ||| DROPPING +0 club.
  2527 | D:3      | 2527 ||| DROPPING +0 whip.
  2712 | D:3      | Found a bloodstained altar of Trog.
  2713 | D:3      | 2713 ||| UPGRADING to +1 pair of gloves.
  2718 | D:3      | 2718 ||| UPGRADING to +0 chain mail.
  2728 | D:3      | 2728 ||| DROPPING +0 scale mail.
  2729 | D:3      | 2729 ||| DRINKING 3 grey potions.
  2730 | D:3      | 2730 ||| READING 4 scrolls of identify.
  2730 | D:3      | 2730 ||| IDENTIFYING ruby potion
  2731 | D:3      | 2731 ||| READING 3 scrolls of identify.
  2731 | D:3      | 2731 ||| IDENTIFYING golden potion
  2732 | D:3      | 2732 ||| READING 2 scrolls of identify.
  2732 | D:3      | 2732 ||| IDENTIFYING clear potion
  2733 | D:3      | 2733 ||| DROPPING potion of berserk rage.
  2766 | D:4      | 2766 ||| STAIRDANCE
  2785 | D:4      | 2785 ||| STAIRDANCE
  2925 | D:4      | Reached skill level 6 in Axes
  3159 | D:4      | Reached skill level 1 in Dodging
  3159 | D:4      | Reached XP level 7. HP: 39/43 MP: 7/7
  3401 | D:4      | 3401 ||| Stepping ~*~*~tactically~*~*~ (stealth).
  3853 | D:4      | 3853 ||| READING scroll labelled CEGURE BUMIOMY.
  3854 | D:4      | 3854 ||| READING scroll labelled QOVECR VUMYUNUL.
  3855 | D:4      | 3855 ||| READING scroll labelled SEG FOCU WUR.
  3856 | D:4      | 3856 ||| READING 2 scrolls of identify.
  3856 | D:4      | 3856 ||| IDENTIFYING gluggy clear potion
  3857 | D:4      | 3857 ||| DROPPING potion of ambrosia.
  3871 | D:5      | Entered Level 5 of the Dungeon
  4018 | D:5      | Found Idugovadij's Antique Weapon Shoppe.
  4028 | D:5      | 4028 ||| BUYING runed hand axe (156 gold).
  4028 | D:5      | Bought a runed hand axe for 156 gold pieces
  4028 | D:5      | 4028 ||| BUYING slimy flail (221 gold).
  4028 | D:5      | Bought a slimy flail for 221 gold pieces
  4028 | D:5      | Identified the +9 flail of the Meager God {antimagic,
                  | *Corrode Str+4} (You bought it in a shop on level 5 of the
                  | Dungeon)
  4028 | D:5      | 4028 ||| SWAPPING to +2 vampiric hand axe.
  4029 | D:5      | 4029 ||| DROPPING +0 flail.
  4055 | D:5      | 4055 ||| Stepping ~*~*~tactically~*~*~ (hiding).
  4296 | D:5      | Reached skill level 7 in Axes
  4615 | D:5      | Reached XP level 8. HP: 49/49 MP: 8/8
  4803 | D:5      | 4803 ||| UPGRADING to +0 helmet.
  4808 | D:5      | 4808 ||| READING scroll labelled XOIQ CINGUH.
  4809 | D:5      | 4809 ||| READING scroll labelled IFICHAGHUCK.
  4810 | D:5      | 4810 ||| READING 2 scrolls of identify.
  4810 | D:5      | 4810 ||| IDENTIFYING bubbling clear potion
  4811 | D:5      | 4811 ||| DROPPING potion of invisibility.
  4959 | D:6      | Reached skill level 1 in Throwing
  5024 | D:6      | 5024 ||| Stepping ~*~*~tactically~*~*~ (stealth).
  5042 | D:6      | 5042 ||| FLEEEEING.
  5043 | D:6      | 5043 ||| FLEEEEING.
  5044 | D:6      | 5044 ||| FLEEEEING.
  5045 | D:6      | 5045 ||| FLEEEEING.
  5046 | D:6      | 5046 ||| FLEEEEING.
  5049 | D:6      | 5049 ||| FLEEEEING.
  5049 | D:6      | HP: 12/49 [something/puff of flame (6)]
  5050 | D:6      | 5050 ||| FLEEEEING.
  5051 | D:6      | 5051 ||| FLEEEEING.
  5055 | D:6      | 5055 ||| FLEEEEING.
  5056 | D:6      | 5056 ||| FLEEEEING.
  5057 | D:6      | 5057 ||| FLEEEEING.
  5058 | D:6      | 5058 ||| FLEEEEING.
  5059 | D:6      | 5059 ||| FLEEEEING.
  5060 | D:6      | 5060 ||| FLEEEEING.
  5061 | D:6      | 5061 ||| FLEEEEING.
  5062 | D:6      | 5062 ||| FLEEEEING.
  5066 | D:6      | 5066 ||| FLEEEEING.
  5067 | D:6      | 5067 ||| FLEEEEING.
  5068 | D:6      | 5068 ||| FLEEEEING.
  5069 | D:6      | 5069 ||| FLEEEEING.
  5070 | D:6      | 5070 ||| FLEEEEING.
  5071 | D:6      | 5071 ||| FLEEEEING.
  5072 | D:6      | 5072 ||| FLEEEEING.
  5077 | D:6      | 5077 ||| FLEEEEING.
  5094 | D:6      | 5094 ||| FLEEEEING.
  5095 | D:6      | 5095 ||| FLEEEEING.
  5096 | D:6      | 5096 ||| FLEEEEING.
  5098 | D:6      | 5098 ||| FLEEEEING.
  5099 | D:6      | 5099 ||| FLEEEEING.
  5100 | D:6      | 5100 ||| FLEEEEING.
  5101 | D:6      | 5101 ||| FLEEEEING.
  5102 | D:6      | 5102 ||| FLEEEEING.
  5103 | D:6      | 5103 ||| DRINKING 3 potions of curing.
  5103 | D:6      | 5103 ||| (to cure confusion)
  5104 | D:6      | 5104 ||| FLEEEEING.
  5105 | D:6      | 5105 ||| DRINKING 2 potions of curing.
  5105 | D:6      | 5105 ||| (to cure confusion)
  5106 | D:6      | 5106 ||| FLEEEEING.
  5107 | D:6      | 5107 ||| FLEEEEING.
  5110 | D:6      | 5110 ||| FLEEEEING.
  5114 | D:6      | 5114 ||| FLEEEEING.
  5115 | D:6      | 5115 ||| FLEEEEING.
  5116 | D:6      | 5116 ||| STAIRDANCE
  5184 | D:6      | 5184 ||| STAIRDANCE
  5472 | D:6      | 5472 ||| READING 3 scrolls of teleportation.
  5477 | D:6      | 5477 ||| READING 2 scrolls of teleportation.
  5483 | D:6      | 5483 ||| READING scroll of teleportation.
  5484 | D:6      | HP: 12/49 [hound (2)]
  5486 | D:6      | HP: 5/49 [hound (4)]
  5811 | D:6      | 5811 ||| Stepping ~*~*~tactically~*~*~ (hiding).
  5813 | D:6      | 5813 ||| Stepping ~*~*~tactically~*~*~ (hiding).
  5828 | D:6      | Reached skill level 8 in Axes
  5918 | D:6      | Reached skill level 6 in Fighting
  6068 | D:6      | Found a radiant altar of Vehumet.
  6083 | D:6      | 6083 ||| FLEEEEING.
  6084 | D:6      | 6084 ||| FLEEEEING.
  6336 | D:6      | 6336 ||| UPGRADING to +0 plate armour.
  6346 | D:6      | 6346 ||| DROPPING +0 chain mail.
  6347 | D:6      | 6347 ||| READING scroll labelled BAYNUB ERUST.
  6348 | D:6      | 6348 ||| DRINKING 3 emerald potions.
  6349 | D:6      | 6349 ||| DRINKING 2 amethyst potions.
  6377 | D:6      | 6377 ||| READING 3 scrolls of identify.
  6377 | D:6      | 6377 ||| IDENTIFYING purple potion
  6378 | D:6      | 6378 ||| READING 2 scrolls of identify.
  6378 | D:6      | 6378 ||| IDENTIFYING black potion
  6379 | D:6      | 6379 ||| DROPPING potion of brilliance.
  6401 | D:7      | 6401 ||| STAIRDANCE
  6423 | D:6      | HP: 12/51 [orc warrior/+0 trident (6)]
  6424 | D:6      | 6424 ||| DRINKING potion of heal wounds.
  6445 | D:6      | Reached XP level 9. HP: 21/55 MP: 9/9
  6635 | D:7      | 6635 ||| STAIRDANCE
  6732 | D:7      | Found a staircase to the Ecumenical Temple.
  6733 | D:7      | 6733 ||| PLANNING TEMPLE
  6748 | Temple   | Entered the Ecumenical Temple
  6911 | Temple   | 6911 ||| PLANNING D:1-11
  6920 | Temple   | Became a worshipper of Warmaster Okawaru
  6948 | D:7      | 6948 ||| Stepping ~*~*~tactically~*~*~ (hiding).
  6974 | D:7      | Reached skill level 9 in Axes
  7225 | D:7      | Reached skill level 6 in Armour
  7397 | D:7      | 7397 ||| Stepping ~*~*~tactically~*~*~ (stealth).
  7398 | D:7      | Reached * piety under Okawaru
  7399 | D:7      | 7399 ||| Stepping ~*~*~tactically~*~*~ (stealth).
  7410 | D:7      | Found a sacrificial altar of Ru.
  7743 | D:7      | 7743 ||| Stepping ~*~*~tactically~*~*~ (hiding).
  7744 | D:7      | 7744 ||| Stepping ~*~*~tactically~*~*~ (hiding).
  7745 | D:7      | 7745 ||| Stepping ~*~*~tactically~*~*~ (hiding).
  7746 | D:7      | 7746 ||| Stepping ~*~*~tactically~*~*~ (hiding).
  7748 | D:7      | 7748 ||| INVOKING Heroism.
  7762 | D:7      | Reached skill level 1 in Invocations
  7763 | D:7      | 7763 ||| INVOKING Heroism.
  7778 | D:7      | 7778 ||| INVOKING Heroism.
  7798 | D:7      | 7798 ||| INVOKING Heroism.
  7972 | D:7      | Found a glowing silver altar of Zin.
  8097 | D:7      | 8097 ||| READING 2 scrolls labelled VUINOT OVVUOHI.
  8098 | D:7      | 8098 ||| READING scroll labelled DUMUEC QAIH.
  8099 | D:7      | 8099 ||| DROPPING scroll of vulnerability.
  8116 | D:8      | 8116 ||| INVOKING Heroism.
  8133 | D:8      | Reached skill level 3 in Invocations
  8133 | D:8      | 8133 ||| INVOKING Heroism.
  8270 | D:8      | 8270 ||| Stepping ~*~*~tactically~*~*~ (stealth).
  8279 | D:8      | Reached XP level 10. HP: 63/63 MP: 11/13
  8306 | D:8      | 8306 ||| INVOKING Heroism.
  8346 | D:8      | Reached skill level 10 in Axes
  8452 | D:8      | 8452 ||| Stepping ~*~*~tactically~*~*~ (stealth).
  8453 | D:8      | 8453 ||| Stepping ~*~*~tactically~*~*~ (stealth).
  8456 | D:8      | 8456 ||| Stepping ~*~*~tactically~*~*~ (hiding).
  8457 | D:8      | 8457 ||| Stepping ~*~*~tactically~*~*~ (hiding).
  8500 | D:8      | Noticed Joseph
  8501 | D:8      | 8501 ||| Stepping ~*~*~tactically~*~*~ (hiding).
  8519 | D:8      | 8519 ||| INVOKING Heroism.
  8530 | D:8      | Killed Joseph
  8530 | D:8      | Reached ** piety under Okawaru
  8679 | D:8      | Noticed a gargoyle
  8684 | D:8      | 8684 ||| INVOKING Heroism.
  8688 | D:8      | Killed a gargoyle
  8942 | D:8      | 8942 ||| Stepping ~*~*~tactically~*~*~ (stealth).
  8944 | D:8      | 8944 ||| Stepping ~*~*~tactically~*~*~ (stealth).
  8948 | D:8      | 8948 ||| Stepping ~*~*~tactically~*~*~ (stealth).
  8968 | D:8      | 8968 ||| Stepping ~*~*~tactically~*~*~ (stealth).
  8971 | D:8      | 8971 ||| Stepping ~*~*~tactically~*~*~ (stealth).
  9071 | D:8      | Found a basalt altar of Yredelemnul.
  9413 | D:8      | 9413 ||| UPGRADING to +6 ring of dexterity.
  9448 | D:8      | 9448 ||| Stepping ~*~*~tactically~*~*~ (hiding).
  9449 | D:8      | 9449 ||| INVOKING Heroism.
  9522 | D:9      | 9522 ||| Stepping ~*~*~tactically~*~*~ (stealth).
  9528 | D:9      | 9528 ||| INVOKING Heroism.
  9588 | D:9      | 9588 ||| INVOKING Heroism.
  9595 | D:9      | HP: 13/64 [acid dragon/splash of acid (24)]
  9596 | D:9      | 9596 ||| READING scroll of teleportation.
  9599 | D:9      | Killed from afar by an acid dragon

Levels and vault maps discovered:
D:1:      dpeg_arrival_windows_large_door, layout_basic,
          chequers_ecumenical_altar_island
D:2:      layout_rooms, serial_forest, infiniplex_forest_end_double,
          infiniplex_forest_clump_diagonal, infiniplex_forest_straight_1,
          infiniplex_forest_end_2, infiniplex_forest_clump_large,
          infiniplex_forest_straight_5, infiniplex_forest_lined_3, uniq_sigmund
D:3:      layout_basic, lemuel_coloured_pillars_altar, lightli_corner_chamber
D:4:      layout_cave_pods
D:5:      layout_basic, serial_shops, nicolae_shop_trees, chequers_garden
D:6:      layout_basic, vehumet_statue
D:7:      minmay_evil_eye, layout_loops_corners, zin_statuary,
          lemuel_crystal_altar, minmay_temple_entry_crystal_x
D:8:      layout_basic, mainiacjoe_overflow_tiny_flanked, minmay_microvault,
          uniq_joseph
D:9:      layout_basic, orc_0_dummy, serial_aquarium, aquarium_bridge_straight
          [aquarium_subvault_bridge, aquarium_subvault_wall,
          aquarium_subvault_bridge, aquarium_subvault_wall],
          aquarium_window_fake, aquarium_window_corridor_3, aquarium_window_1,
          aquarium_view_4, aquarium_balcony_3b,
          minmay_fractal_squares_gapless_5, uniq_gastronok
Temple:   chequers_temple_sunken

Skill      XL: |  1  2  3  4  5  6  7  8  9 10 |
---------------+-------------------------------+-----
Axes           | 2 3 5 6 7 8 9 10 | 10.0
Fighting       | 4 5 6 7 8 |  8.3
Dodging        | 1 2 |  2.3
Throwing       | 1 |  1.0
Armour         | 5 6 7 |  7.1
Shields        | 4 5 |  5.0
Invocations    | 4 |  4.0

Action                   |  1- 3 |  4- 6 |  7- 9 | 10-12 || total
-------------------------+-------+-------+-------+-------++-------
Melee: War axe           |   101 |   113 |    18 |       ||   232
       Hand axe          |       |       |   459 |   158 ||   617
Throw: Boomerang         |       |       |    27 |       ||    27
Invok: Heroism           |       |       |     6 |     6 ||    12
  Use: Scroll            |     2 |     6 |    15 |     1 ||    24
       Potion            |       |     1 |     5 |       ||     6
Armor: Scale mail        |    46 |    50 |       |       ||    96
       Chain mail        |       |    31 |   151 |       ||   182
       Plate armour      |       |       |   171 |    67 ||   238
Dodge: Dodged            |    53 |    40 |   134 |    41 ||   268
Block: Buckler           |    15 |    33 |    85 |    40 ||   173

Table legend:
 A = Non-vault XP
 B = Vault XP
 C = Vault XP percentage of total XP
 D = Non-vault monster count
 E = Vault monster count
 F = Vault count percentage of total count
                 A         B        C        D         E       F
            +---------+---------+-------+---------+---------+-------
      Total |    5986 |    1419 |  19.2 |     186 |      10 |   5.1
            +---------+---------+-------+---------+---------+-------
        D:1 |      50 |       0 |   0.0 |      31 |       0 |   0.0
        D:2 |      32 |     231 |  87.8 |      13 |       1 |   7.1
        D:3 |      86 |       0 |   0.0 |      19 |       0 |   0.0
        D:4 |     422 |       0 |   0.0 |      18 |       0 |   0.0
        D:5 |     385 |       0 |   0.0 |      11 |       0 |   0.0
        D:6 |    1265 |      32 |   2.5 |      26 |       1 |   3.7
        D:7 |    1346 |     196 |  12.7 |      35 |       5 |  12.5
        D:8 |    1174 |     872 |  42.6 |      27 |       2 |   6.9
        D:9 |    1226 |      88 |   6.7 |       6 |       1 |  14.3
            +---------+---------+-------+---------+---------+-------
